 Dungeon Crawl Stone Soup version 0.31-a0-167-g1c394c0614 (webtiles) character file.

Game seed: 12316652440662144932

160 qw the Shooter (level 5, 0/32 HPs)
             Began as a Gargoyle Hunter on June 14, 2023.
             Slain by Edmund
             ... wielding a +3 flail of protection
              (6 damage)
             ... on level 4 of the Dungeon.
             The game lasted 00:01:05 (2714 turns).

qw the Shooter (Gargoyle Hunter)                    Turns: 2714, Time: 00:01:05

Health: 0/32       AC: 11    Str: 15    XL:     5   Next: 41%
Magic:  5/5        EV: 11    Int:  9    God:
Gold:   5          SH:  0    Dex: 15    Spells: 4/4 levels left

rFire   . . .        Y - +0 shortbow
rCold   . . .        (shield currently unavailable)
rNeg    + . .        d - +0 ring mail
rPois   inf          (no helmet)
rElec   +            (no cloak)
rCorr   .            e - +0 pair of gloves
SInv    +            n - +0 pair of boots
Will    .....        m - amulet of regeneration
Stlth   +            j - ring of see invisible
HPRegen 1.05/turn    (no ring)
MPRegen 0.09/turn

%: no passive effects
@: no status effects
A: sickness immunity, AC +4, negative energy resistance 1, electricity
resistance, torment resistance 1, petrification resistance
a: no special abilities


You were on level 4 of the Dungeon.
You visited 1 branch of the dungeon, and saw 4 of its levels.

You collected 171 gold pieces.
You spent 166 gold pieces at shops.


Innate Abilities, Weirdness & Mutations

You are immune to sickness and miasma.
Your stone body is resilient. (AC +4)
You are immune to poison.
You resist negative energy. (rN+)
You are resistant to electric shocks. (rElec)
You are resistant to unholy torment.
You are immune to petrification.


   Skills:
 + Level 3.2 Fighting
 - Level 6.0 Ranged Weapons
 - Level 1.0 Armour
 - Level 1.5 Dodging
 - Level 1.1 Stealth


You had 4 spell levels left.
You didn't know any spells.
Your spell library was empty.

Inventory:

Hand Weapons
 Y - a +0 shortbow (weapon)
Armour
 d - a +0 ring mail (worn)
 e - a +0 pair of gloves (worn)
 k - a +0 cloak
 n - a +0 pair of boots (worn)
Jewellery
 j - a ring of see invisible (left hand)
 m - an amulet of regeneration (around neck)
Scrolls
 f - 2 scrolls of identify
Potions
 a - a potion of attraction {unknown}
 b - a potion of ambrosia {unknown}
 c - a potion of lignification
 g - a potion of degeneration {unknown}
 h - a potion of resistance {unknown}
 i - 4 potions of curing

Dungeon Overview and Level Annotations

Branches:
Dungeon (4/15)
 Temple: D:4-7

Altars:
Hepliaklqana
Makhleb
Sif Muna

Shops:
D:2 (   D:3 !   D:4 [

Annotations:
D:4 Edmund


Message History

f - 2 scrolls of identify (gained 1)
You see here a staff of air.
You open the door.
Edmund the Younger comes into view.
He is wielding a +3 flail of protection.
Edmund shouts!
Found a hazy altar of Hepliaklqana and a burning altar of Makhleb.
You shoot an arrow. The arrow hits Edmund.
Edmund is lightly wounded.
You shoot an arrow. The arrow barely misses Edmund.
Edmund hits you with a +3 flail of protection.
You shoot an arrow. The arrow barely misses Edmund.
Edmund hits you with a +3 flail of protection.
You shoot an arrow. The arrow hits Edmund.
Edmund is moderately wounded.
Edmund hits you with a +3 flail of protection!
You shoot an arrow.
The arrow hits Edmund but does no damage.
Edmund is moderately wounded.
Edmund barely misses you. Edmund hits you but does no damage.
You shoot an arrow. The arrow barely misses Edmund.
Edmund hits you but does no damage.
You shoot an arrow. The arrow closely misses Edmund.
Edmund hits you with a +3 flail of protection.
You shoot an arrow. The arrow completely misses Edmund.
Edmund barely misses you.
You shoot an arrow. The arrow barely misses Edmund.
Edmund hits you with a +3 flail of protection.
2711 ||| DRINKING potion of heal wounds.
You feel much better.
Edmund hits you with a +3 flail of protection.
You shoot an arrow.
The arrow hits Edmund but does no damage.
Edmund is lightly wounded.
Edmund hits you with a +3 flail of protection! x2
You shoot an arrow. The arrow barely misses Edmund.
Edmund misses you.
You shoot an arrow. The arrow hits Edmund.
Edmund is moderately wounded.
Edmund hits you with a +3 flail of protection.
You die...

#.# #.# #.# #.#
##.# # #..# #.#
##### #.##
##_.}#...## #.#
#8...@@...###.###
##_.}####.......#
#.# ##......# #
#......# ########


You could see Edmund.

Vanquished Creatures
  4 gnolls (D:3)
  3 adders (D:3)
  A worm (D:3)
  4 dart slugs
  5 orcs (D:3)
  7 ball pythons
  7 bats
  5 endoplasms
  5 giant cockroaches
  6 hobgoblins
  2 jackals (D:1)
  4 quokkas
  4 frilled lizards
  7 goblins
  6 kobolds
  8 rats
78 creatures vanquished.

Notes
Turn   | Place    | Note
-------+----------+-------------------------------------------
     0 | D:1      | qw the Gargoyle Hunter began the quest for the Orb.
     0 | D:1      | Reached XP level 1. HP: 12/12 MP: 1/1
     0 | D:1      | 0 ||| qw: Version: 0.2-a-29-g1fa15c8
     0 | D:1      | 0 ||| qw: Game counter: 5067
     0 | D:1      | 0 ||| qw: Always use a shield: true
     0 | D:1      | 0 ||| qw: God list: Okawaru
     0 | D:1      | 0 ||| qw: Allow faded altars: false
     0 | D:1      | 0 ||| qw: Do Orc after D:15 true
     0 | D:1      | 0 ||| qw: Do second Lair branch before Depths: true
     0 | D:1      | 0 ||| qw: Lair rune preference: random
     0 | D:1      | 0 ||| qw: Plans: Normal, Zot:1-4, Slime:5, God:TSO, Crypt,
                  | Tomb, Abyss, Pan, Hells, Win
     0 | D:1      | 0 ||| PLANNING D:1-11
   123 | D:1      | Reached XP level 2. HP: 17/17 MP: 2/2
   469 | D:1      | Reached XP level 3. HP: 21/21 MP: 3/3
   494 | D:1      | Found a faded altar of an unknown god.
   573 | D:1      | 573 ||| UPGRADING to +0 ring mail.
   583 | D:1      | 583 ||| DROPPING +0 leather armour.
   584 | D:1      | 584 ||| UPGRADING to +0 pair of gloves.
   589 | D:1      | 589 ||| UPGRADING to +0 pair of boots.
   594 | D:1      | 594 ||| UPGRADING to ring of see invisible.
   595 | D:1      | 595 ||| READING scroll labelled PUVAKA LAIHI.
   596 | D:1      | 596 ||| READING scroll labelled HEMEJE FAYN.
   597 | D:1      | 597 ||| READING scroll labelled VOEFUSTR GUWOIV.
   598 | D:1      | 598 ||| READING scroll labelled YFEXELA REHES.
   599 | D:1      | 599 ||| READING scroll labelled REPEUKK YLAELE.
   600 | D:1      | 600 ||| DROPPING scroll of butterflies.
   762 | D:2      | Reached skill level 1 in Armour
   853 | D:2      | Found Juczu's Weapon Shop.
   879 | D:2      | Reached skill level 5 in Ranged Weapons
  1368 | D:2      | 1368 ||| DROPPING ring of flight.
  1369 | D:2      | 1369 ||| READING scroll labelled JIRCHE HOFIAT.
  1370 | D:2      | 1370 ||| DRINKING 2 yellow potions.
  1431 | D:3      | 1431 ||| Stepping ~*~*~tactically~*~*~ (outnumbered).
  1433 | D:3      | 1433 ||| Stepping ~*~*~tactically~*~*~ (outnumbered).
  1439 | D:3      | 1439 ||| Stepping ~*~*~tactically~*~*~ (outnumbered).
  1451 | D:3      | Reached skill level 3 in Fighting
  1451 | D:3      | Reached XP level 4. HP: 9/28 MP: 4/4
  1458 | D:3      | HP: 7/28 [adder (2)]
  1479 | D:3      | HP: 7/28 [gnoll/+0 spear (2)]
  1482 | D:3      | HP: 2/28 [gnoll/+0 spear (3)]
  1661 | D:3      | Reached XP level 5. HP: 32/32 MP: 5/5
  1730 | D:3      | Found a shimmering blue altar of Sif Muna.
  2047 | D:3      | Found Cuipuj's Distillery.
  2085 | D:3      | Reached skill level 6 in Ranged Weapons
  2145 | D:3      | 2145 ||| BUYING potion of curing (33 gold).
  2145 | D:3      | Bought a potion of curing for 33 gold pieces
  2145 | D:3      | 2145 ||| BUYING potion of curing (33 gold).
  2145 | D:3      | Bought a potion of curing for 33 gold pieces
  2145 | D:3      | 2145 ||| BUYING potion of heal wounds (55 gold).
  2145 | D:3      | Bought a potion of heal wounds for 55 gold pieces
  2145 | D:3      | 2145 ||| SHOPLISTING potion of might (44 gold, have 23).
  2428 | D:3      | 2428 ||| UPGRADING to amulet of regeneration.
  2433 | D:3      | 2433 ||| READING scroll labelled NUEKUANOUQ.
  2434 | D:3      | 2434 ||| READING scroll labelled DAXYIZ EPHEESH.
  2653 | D:4      | Found Kyuc Moi's Armour Shoppe.
  2659 | D:4      | 2659 ||| BUYING +0 cloak (45 gold).
  2659 | D:4      | Bought a +0 cloak for 45 gold pieces
  2701 | D:4      | Found a hazy altar of Hepliaklqana.
  2701 | D:4      | Found a burning altar of Makhleb.
  2701 | D:4      | Noticed Edmund
  2710 | D:4      | HP: 8/32 [Edmund/+3 flail of protection (5)]
  2711 | D:4      | 2711 ||| DRINKING potion of heal wounds.
  2712 | D:4      | HP: 3/32 [Edmund/+3 flail of protection (10)]
  2714 | D:4      | Slain by Edmund

Levels and vault maps discovered:
D:1:      eino_arrival_cavern_c, layout_rooms, shapermc_ecumenical_altar_petra
D:2:      layout_basic, serial_shops, nicolae_shop_bloodbath_and_beyond,
          nicolae_titane
D:3:      minmay_bubble_buster, layout_loops_cross,
          nicolae_sif_muna_condensation, serial_shops, shop
D:4:      layout_rooms, nicolae_yredelemnul_ghost_church,
          gammafunk_temple_overflow_statue, mainiacjoe_overflow_catwalk,
          hellmonk_ghost_happy_afterlife, serial_shops, shop,
          hangedman_decor_lopped, uniq_edmund

Skill      XL: |  1  2  3  4  5 |
---------------+----------------+-----
Armour         | 1 |  1.0
Ranged Weapons | 5 6 |  6.0
Fighting       | 3 |  3.2
Dodging        | |  1.5
Stealth        | |  1.1

Action                     |  1- 3 |  4- 6 || total
---------------------------+-------+-------++-------
   Fire: Shortbow          |   131 |   137 ||   268
    Use: Scroll            |     6 |     2 ||     8
         Potion            |     1 |     1 ||     2
 Armour: Leather armour    |    15 |       ||    15
         Ring mail         |    23 |    58 ||    81
  Dodge: Dodged            |    39 |    73 ||   112

Table legend:
 A = Non-vault XP
 B = Vault XP
 C = Vault XP percentage of total XP
 D = Non-vault monster count
 E = Vault monster count
 F = Vault count percentage of total count
                 A         B        C        D         E       F
            +---------+---------+-------+---------+---------+-------
      Total |     184 |      45 |  19.7 |      64 |      14 |  17.9
            +---------+---------+-------+---------+---------+-------
        D:1 |      36 |       0 |   0.0 |      22 |       0 |   0.0
        D:2 |      34 |       0 |   0.0 |      20 |       0 |   0.0
        D:3 |     114 |      45 |  28.3 |      22 |      14 |  38.9
            +---------+---------+-------+---------+---------+-------
